General information
- name: BNet
- type: Ladder 1vs1/FFA
- host: Battle.net
- saver: Iadderisdota
map: SecretValley
- players: 2
- length: 23:07
- speed: Fast
- version: 1.26 W3XP
- replay type: Public
» download(67 KB)
Players
team 1 (loser)
Malster (
blue | 47 APM | 1091 actions | 23:05)
4 Mountain King
2 Storm Bolt
2 Thunder Clap
2 Blood Mage
1 Flame Strike
1 Siphon Mana
» actions
| Basic commands | 19 | |
| Build / train | 90 | |
| Enter build submenu | 27 | |
| Enter hero's abilities submenu | 6 | |
| Remove unit from queue | 3 | |
| Right click | 445 | |
| Select / deselect | 387 | |
| Use ability | 114 | |
1091 total
» units
| Peasant | 42 | |
| Footman | 2 | |
| Rifleman | 6 | |
| Sorceress | 2 | |
| Mortar Team | 3 | |
55 total
» upgrades
| Gunpowder | 2 | |
| Armor | 2 | |
| Masonry | 2 | |
| Swords | 1 | |
| Lumber Harvesting | 1 | |
| Long Rifles | 1 | |
9 total
» buildings
| Altar of Kings | 1 | |
| Farm | 10 | |
| Barracks | 1 | |
| Blacksmith | 1 | |
| Arcane Vault | 1 | |
| Lumber Mill | 1 | |
| Keep | 1 | |
| Scout Tower | 1 | |
| Arcane Tower | 2 | |
| Guard Tower | 4 | |
| Arcane Sanctum | 1 | |
| Workshop | 1 | |
| Town Hall | 2 | |
27 total
» build order
00:12 Altar of Kings
00:15 Farm
01:03 Barracks
01:42 Farm
02:18 Blacksmith
02:27 Farm
02:42 Arcane Vault
03:17 Farm
04:09 Farm
04:45 Lumber Mill
04:55 Farm
05:32 Keep
05:48 Farm
06:23 Farm
07:11 Farm
07:54 Farm
08:40 Scout Tower
09:10 Arcane Tower
10:14 Guard Tower
10:54 Guard Tower
11:05 Guard Tower
13:17 Arcane Sanctum
14:45 Guard Tower
15:24 Workshop
16:49 Town Hall
18:23 Town Hall
22:09 Arcane Tower
» items
| Ivory Tower | 6 | |
| Lesser Clarity Potion | 1 | |
| Scroll of Regeneration | 1 | |
8 total
team 2 (winner)
Iadderisdota (
pink | 85 APM | 1963 actions | 23:07)
6 Warden
3 Fan of Knives
3 Blink
» actions
| Assign group hotkey | 24 | |
| Basic commands | 9 | |
| Build / train | 105 | |
| ESC pressed | 4 | |
| Enter build submenu | 77 | |
| Enter hero's abilities submenu | 6 | |
| Give item / drop item | 8 | |
| Right click | 866 | |
| Select / deselect | 217 | |
| Select group hotkey | 433 | |
| Use ability | 214 | |
1963 total
» units
» upgrades
| Ultravision | 1 | |
| Strength of the Wild | 4 | |
| Reinforced Hides | 3 | |
| Nature's Blessing | 1 | |
| Sentinel | 1 | |
| Hippogryph Taming | 1 | |
| Well Spring | 1 | |
| Backpack | 1 | |
| Corrosive Breath | 1 | |
14 total
» buildings
| Altar of Elders | 1 | |
| Moon Well | 28 | |
| Ancient of War | 1 | |
| Hunter's Hall | 1 | |
| Ancient Protector | 27 | |
| Tree of Life | 2 | |
| Tree of Ages | 3 | |
| Ancient of Wonders | 2 | |
| Tree of Eternity | 2 | |
| Ancient of Wind | 1 | |
| Chimaera Roost | 3 | |
71 total
» build order
00:05 Altar of Elders
00:09 Moon Well
00:37 Moon Well
01:28 Ancient of War
01:46 Moon Well
02:03 Moon Well
02:34 Hunter's Hall
02:57 Moon Well
03:21 Moon Well
03:49 Moon Well
03:54 Ancient Protector
06:15 Ancient Protector
06:17 Tree of Life
06:28 Ancient Protector
06:42 Ancient Protector
06:58 Ancient Protector
07:17 Tree of Ages
08:40 Ancient Protector
08:43 Ancient Protector
08:45 Ancient Protector
08:55 Ancient Protector
09:10 Ancient Protector
10:25 Moon Well
10:26 Moon Well
10:30 Moon Well
10:31 Moon Well
10:45 Ancient of Wonders
10:48 Ancient of Wonders
10:52 Moon Well
11:23 Moon Well
12:13 Ancient Protector
12:42 Tree of Eternity
12:43 Tree of Eternity
13:04 Ancient of Wind
13:24 Moon Well
13:25 Moon Well
13:34 Moon Well
13:38 Moon Well
14:24 Moon Well
14:26 Moon Well
14:27 Moon Well
14:32 Moon Well
14:57 Ancient Protector
14:58 Ancient Protector
16:23 Chimaera Roost
16:25 Chimaera Roost
16:27 Chimaera Roost
16:55 Moon Well
16:56 Moon Well
17:01 Moon Well
17:02 Moon Well
17:03 Moon Well
19:43 Ancient Protector
19:45 Ancient Protector
19:46 Ancient Protector
19:46 Ancient Protector
19:47 Ancient Protector
19:53 Ancient Protector
19:54 Ancient Protector
19:56 Tree of Life
21:28 Ancient Protector
21:29 Ancient Protector
21:30 Ancient Protector
21:34 Ancient Protector
21:35 Ancient Protector
21:39 Moon Well
21:39 Moon Well
22:05 Ancient Protector
22:06 Ancient Protector
» items
| Boots of Speed | 1 | |
| Potion of Invisibility | 8 | |
| Scroll of Town Portal | 6 | |
| Orb of Venom | 1 | |
16 total
Chat log
(23:02 / All) Iadderisdota: lol